 Dungeon Crawl Stone Soup version 0.21.0-24-g2553a33 (webtiles) character file.

212 tidbits the Sneak (level 5, 37/37 HPs)
             Began as a Gnoll Enchanter on Jan 20, 2018.
             Quit the game on level 3 of the Dungeon.
             The game lasted 00:08:18 (1285 turns).

tidbits the Sneak (Gnoll Enchanter)                 Turns: 1285, Time: 00:08:19

Health: 37/37      AC:  3    Str: 10    XL:     5   Next: 89%
Magic:  12/12      EV: 15    Int: 18    God:
Gold:   123        SH:  0    Dex: 16    Spells: 2/14 levels left

rFire    . . .     SeeInvis .   a - +1 dagger
rCold    . . .     Gourm    .   (no shield)
rNeg     . . .     Faith    .   m - +0 robe
rPois    .         Spirit   .   (no helmet)
rElec    .         Reflect  .   C - scarf {repulsion}
rCorr    .         Harm     .   G - +0 pair of gloves
MR       .....                  (no boots)
Stlth    +++.......             (no amulet)
HPRegen  0.12/turn              n - ring of flight
MPRegen  0.13/turn              (no ring)

@: repel missiles
A: distributed training, fangs 1, strong nose
a: Evoke Flight


You were on level 3 of the Dungeon.
You were hungry.

You visited 2 branches of the dungeon, and saw 5 of its levels.

You collected 123 gold pieces.

Inventory:

Hand Weapons
 a - a +1 dagger (weapon)
 b - a +2 trident of freezing
   (You took it off an orc on level 3 of the Dungeon)
 p - a +0 short sword
Missiles
 f - 42 arrows
 q - 2 stones (quivered)
Armour
 m - a +0 robe (worn)
 C - a scarf of repulsion (worn)
   (You found it on level 3 of the Dungeon)
 G - a +0 pair of gloves (worn)
Jewellery
 n - a ring of flight (left hand)
   (You found it on level 3 of the Dungeon)
Scrolls
 e - a scroll of teleportation
 r - a scroll of remove curse
Potions
 g - 2 potions of curing
 h - a potion of ambrosia {unknown}
 i - a potion of mutation {unknown}
 j - a potion of lignification {unknown}
 k - a potion of heal wounds {unknown}
 l - a potion of might
 o - 2 potions of flight {unknown}
Books
 c - a book of Maledictions

   Spells                             Type                      Level
   a - Corona                         Hexes                        1
   b - Ensorcelled Hibernation        Hexes/Ice                    2
   c - Confuse                        Hexes                        3
   d - Tukima's Dance                 Hexes                        3
   e - Dazzling Spray                 Conjuration/Hexes            3
Comestibles
 d - a ration


   Skills:
 + Level 1.6 Fighting
 + Level 3.0 Short Blades
 + Level 1.6 Long Blades
 + Level 1.6 Axes
 + Level 1.6 Maces & Flails
 + Level 1.6 Polearms
 + Level 1.6 Staves
 + Level 1.6 Slings
 + Level 1.6 Bows
 + Level 1.6 Crossbows
 + Level 1.6 Throwing
 + Level 1.6 Armour
 + Level 4.8 Dodging
 + Level 6.2 Stealth
 + Level 1.6 Shields
 + Level 1.6 Unarmed Combat
 + Level 5.2 Spellcasting
 + Level 1.3 Conjurations
 + Level 5.6 Hexes
 + Level 1.3 Charms
 + Level 1.3 Summonings
 + Level 1.3 Necromancy
 + Level 1.3 Translocations
 + Level 1.3 Transmutations
 + Level 1.3 Fire Magic
 + Level 1.3 Ice Magic
 + Level 1.3 Air Magic
 + Level 1.3 Earth Magic
 + Level 1.3 Poison Magic
 + Level 1.8 Invocations
 + Level 1.6 Evocations


You had 2 spell levels left.
You knew the following spells:

 Your Spells              Type           Power        Failure   Level  Hunger
c - Confuse               Hex            ###.....     3%          3    ##.....
d - Dazzling Spray        Conj/Hex       ###...       10%         3    ##.....
e - Ensorcelled Hibernat  Hex/Ice        ###...       4%          2    #......
o - Corona                Hex            ###....      1%          1    None
u - Tukima's Dance        Hex            ###.....     3%          3    ##.....


Dungeon Overview and Level Annotations

Branches:
Dungeon (4/15)             Temple (1/1) D:4

Altars:
Dithmenos
Elyvilon
Gozag
Kikubaaqudgha
Makhleb
Nemelex Xobeh
Qazlal
Ru
Sif Muna
Vehumet
Wu Jian
Yredelemnul
Zin
The Shining One


Innate Abilities, Weirdness & Mutations

Your experience applies equally to all skills.
You have very sharp teeth.
Your uncanny sense of smell can sniff out nearby items.


Message History

You see here a scroll labeled JUFECLOGHAPRU.
r - a scroll labeled JUFECLOGHAPRU You see here a scroll labeled GEPNIU FIRGHUA.
s - a scroll labeled GEPNIU FIRGHUA
Things that are here:
a giant club; an ogre corpse You butcher the ogre corpse.
Things that are here:
a giant club; a chunk of flesh Eat a chunk of flesh? (ye/n/q)
You eat the chunk of flesh.
This raw flesh tastes terrible.
You see here a scroll labeled JUFECLOGHAPRU.
r - 2 scrolls labeled JUFECLOGHAPRU (gained 1)
You see here a potion of curing.
g - 2 potions of curing (gained 1)
You open the door.
Found two altars.
There is an open door here.
There is an open door here.
You see here a giant club.
There is a stone staircase leading down here.
As you read the scroll labeled JUFECLOGHAPRU, it crumbles to dust.
You feel blessed for a moment.
It was a scroll of remove curse.
Okay, then.
You climb downwards.
An ooze comes into view.
There is a stone staircase leading up here.
Found 9 stones.
The helpless ooze fails to defend itself.
You impale the ooze!!
You kill the ooze!
As you read the scroll labeled SAPUCW FUEH, it crumbles to dust.
You feel strangely unstable.
It was a scroll of teleportation.
As you read the scroll labeled HUHEIMN OGEO, it crumbles to dust.
The scroll dissolves into smoke.
It was a scroll of fog.
As you read the scroll labeled GEPNIU FIRGHUA, it crumbles to dust.
The air around you briefly surges with heat, but it dissipates.
It was a scroll of immolation.
Your surroundings suddenly seem different.
Found a staircase to the Ecumenical Temple.
There is a staircase to the Ecumenical Temple here.
You climb downwards.
Welcome to the Ecumenical Temple!
There is a staircase back to the Dungeon here.
Unknown command.
Found a shadowy altar of Dithmenos and a burning altar of Makhleb.
Found six altars.
Found three altars.
There is a basalt altar of Yredelemnul here.
Found an ornate altar of the Wu Jian Council.
There is a staircase back to the Dungeon here.
You climb upwards.
Welcome back to the Dungeon!
There is a staircase to the Ecumenical Temple here.
A leopard gecko comes into view.
The helpless leopard gecko fails to defend itself.
You impale the leopard gecko!!
You kill the leopard gecko!
You see here a leopard gecko corpse.
You see here 9 stones.
Found 19 sling bullets.
You see here 19 sling bullets.
Found a dagger.
Found a pair of gloves.
Found a stone staircase leading up.
You see here a pair of gloves.
e - a pair of gloves Wear which item? (? for menu, Esc to quit)
You start putting on your armour.
You continue putting on your pair of gloves. x4
You finish putting on your +0 pair of gloves.
Adjust (i)tems, (s)pells, or (a)bilities?
Adjust which item? (? for menu, Esc to quit)
e - a +0 pair of gloves (worn)
Adjust to which letter? (? for menu, Esc to quit)
G - a +0 pair of gloves (worn)
There is a stone staircase leading up here.
You climb upwards.
A ball python comes into view.
Found a scroll of teleportation.
There is a stone staircase leading down here.
Unknown command.
The helpless ball python fails to defend itself.
You impale the ball python!!
You kill the ball python!
There is a stone staircase leading down here.
You see here a scroll of teleportation.
e - a scroll of teleportation
Found a gilded ring.
You are feeling hungry.
You see here a gilded ring.
n - a gilded ring Put on which piece of jewellery? (? for menu, Esc to quit)
n - a ring of flight (left hand)
Okay, then.
There is a stone staircase leading down here.
You climb downwards.
There is a stone staircase leading up here.
Unknown command.
You climb upwards.
There is a stone staircase leading down here.
Are you sure you want to abandon this character and quit the game? (Confirm with "yes".)

##### #...########
###### #........######
..#........#####.......#
#..#####.## #..####.#
###.#####.# #..####.#
.......##.# #....##.#
..#.##.##.# #.##.##.#
..†.##....### #@##.##.#
............# #.......#
...##)......# ####.####
..###.......# #.#
....#.......# #.#
.##.#.......##### #.# .#
.#...........# #.# .#
#.......#######.# ##
.####.#.#### ≈_#.#


There were no monsters in sight!

Vanquished Creatures
  An ogre (D:3)
  A jelly (D:2)
  2 adders (D:2)
  A gnoll (D:1)
  2 oozes
  2 dart slugs
  A leopard gecko (D:4)
  6 orcs (D:3)
  3 ball pythons
  A giant cockroach (D:3)
  2 goblins
  6 hobgoblins
  4 jackals
  9 bats
  3 frilled lizards
  3 kobolds
  7 rats
54 creatures vanquished.

Notes
Turn   | Place    | Note
-------+----------+-------------------------------------------
     0 | D:1      | tidbits the Gnoll Enchanter began the quest for the Orb.
     0 | D:1      | Reached XP level 1. HP: 13/13 MP: 6/6
   199 | D:1      | Reached XP level 2. HP: 19/19 MP: 7/7
   208 | D:1      | Learned a level 2 spell: Ensorcelled Hibernation
   531 | D:1      | Reached XP level 3. HP: 22/25 MP: 9/9
   533 | D:1      | Reached skill level 5 in Spellcasting
   617 | D:2      | Reached skill level 6 in Stealth
   617 | D:2      | Reached skill level 1 in Invocations
   652 | D:2      | Learned a level 3 spell: Confuse
   656 | D:2      | Learned a level 3 spell: Tukima's Dance
   660 | D:2      | Learned a level 3 spell: Dazzling Spray
   696 | D:2      | Reached skill level 1 in Fighting
   696 | D:2      | Reached skill level 1 in Long Blades
   696 | D:2      | Reached skill level 1 in Axes
   696 | D:2      | Reached skill level 1 in Maces & Flails
   696 | D:2      | Reached skill level 1 in Polearms
   696 | D:2      | Reached skill level 1 in Staves
   696 | D:2      | Reached skill level 1 in Slings
   696 | D:2      | Reached skill level 1 in Bows
   696 | D:2      | Reached skill level 1 in Crossbows
   696 | D:2      | Reached skill level 1 in Throwing
   696 | D:2      | Reached skill level 1 in Armour
   696 | D:2      | Reached skill level 1 in Shields
   696 | D:2      | Reached skill level 1 in Unarmed Combat
   696 | D:2      | Reached skill level 1 in Evocations
   696 | D:2      | Reached XP level 4. HP: 32/32 MP: 11/11
   830 | D:3      | Reached skill level 1 in Conjurations
   830 | D:3      | Reached skill level 1 in Charms
   830 | D:3      | Reached skill level 1 in Summonings
   830 | D:3      | Reached skill level 1 in Necromancy
   830 | D:3      | Reached skill level 1 in Translocations
   830 | D:3      | Reached skill level 1 in Transmutations
   830 | D:3      | Reached skill level 1 in Fire Magic
   830 | D:3      | Reached skill level 1 in Ice Magic
   830 | D:3      | Reached skill level 1 in Air Magic
   830 | D:3      | Reached skill level 1 in Earth Magic
   830 | D:3      | Reached skill level 1 in Poison Magic
   933 | D:3      | Reached XP level 5. HP: 25/37 MP: 8/12
   957 | D:3      | Noticed an ogre
   964 | D:3      | Killed an ogre
   964 | D:3      | Reached skill level 3 in Short Blades
  1024 | D:3      | Found a deep blue altar of Sif Muna.
  1024 | D:3      | Found a glowing golden altar of the Shining One.
  1067 | D:4      | Found a staircase to the Ecumenical Temple.
  1076 | Temple   | Entered the Ecumenical Temple
  1285 | D:3      | Quit the game

Skill      XL: |  1  2  3  4  5 |
---------------+----------------+-----
Spellcasting   | 5 |  5.2
Stealth        | 6 |  6.2
Invocations    | 1 |  1.8
Fighting       | 1 |  1.6
Long Blades    | 1 |  1.6
Axes           | 1 |  1.6
Maces & Flails | 1 |  1.6
Polearms       | 1 |  1.6
Staves         | 1 |  1.6
Slings         | 1 |  1.6
Bows           | 1 |  1.6
Crossbows      | 1 |  1.6
Throwing       | 1 |  1.6
Armour         | 1 |  1.6
Shields        | 1 |  1.6
Unarmed Combat | 1 |  1.6
Evocations     | 1 |  1.6
Conjurations   | 1 |  1.3
Charms         | 1 |  1.3
Summonings     | 1 |  1.3
Necromancy     | 1 |  1.3
Translocations | 1 |  1.3
Transmutations | 1 |  1.3
Fire Magic     | 1 |  1.3
Ice Magic      | 1 |  1.3
Air Magic      | 1 |  1.3
Earth Magic    | 1 |  1.3
Poison Magic   | 1 |  1.3
Short Blades   | 3 |  3.0
Dodging        | |  4.8
Hexes          | |  5.6

Action                   |  1- 3 |  4- 6 || total
-------------------------+-------+-------++-------
Melee: Dagger            |    45 |    52 ||    97
       Bite              |     2 |     2 ||     4
       Trident           |       |     2 ||     2
 Cast: Corona            |     5 |       ||     5
       Ensorcelled Hiber |    11 |    13 ||    24
       Confuse           |       |     2 ||     2
  Use: Scroll            |     1 |     5 ||     6
 Stab: Sleeping          |    21 |    18 ||    39
  Eat: Chunk             |       |     1 ||     1
Armor: Robe              |     4 |     5 ||     9
Dodge: Dodged            |    34 |    44 ||    78

Table legend:
 A = Turns spent in this place as a percentage of turns spent in the entire game.
 B = Non-inter-level travel turns spent in this place as a percentage of non-inter-level travel turns spent in the entire game.
 C = Inter-level travel turns spent in this place as a percentage of turns spent in this place.
 D = Turns resting spent in this place as a percentage of non-inter-level travel turns spent in this place.
 E = Turns spent auto-exploring this place as a percentage of non-inter-level travel turns spent in this place.
 F = Non-inter-level travel turns spent in this place divided by the number of levels of this place that you've seen.
                   A       B       C       D       E      F
               +-------+-------+-------+-------+-------+----------------------
         Total | 100.0 | 100.0 |   3.5 |   0.0 |   0.0 | 248.0
       Dungeon |  96.4 |  97.7 |   2.3 |   0.0 |   0.0 | 302.8
        Temple |   3.6 |   2.3 |  37.0 |   0.0 |   0.0 |  29.0
               +-------+-------+-------+-------+-------+----------------------

Table legend:
 A = Kills in this place as a percentage of kills in entire the game.
 B = Kills by you in this place as a percentage of kills by you in the entire game.
 C = Kills by friends in this place as a percentage of kills by friends in the entire game.
 D = Other kills in this place as a percentage of other kills in the entire game.
 E = Experience gained in this place as a percentage of experience gained in the entire game.
 F = Experience gained in this place divided by the number of levels of this place that you have seen.
                   A       B       C       D       E      F
               +-------+-------+-------+-------+-------+----------------------
         Total | 100.0 | 100.0 |   N/A | 100.0 | 100.0 |  60.6
       Dungeon | 100.0 | 100.0 |   N/A | 100.0 | 100.0 |  75.8
               +-------+-------+-------+-------+-------+----------------------

Vault maps used:
D:1:      minmay_arrival_checkered_box
D:2:      minmay_misc_feat_more_columns, nicolae_qazlal_style_of_elements
D:3:      gammafunk_temple_overflow_elements, minmay_close_crescents
D:4:      bloody_trog, okawaru_ov_weapons_minmay, lemuel_temple_firewalk_b
Temple:   minmay_temple_bridge_abc
